AoeStats
← zamithdaniel

Oasis

508237624Analyzed
2v2 RM · 12d ago on Sep 21, 2026· 26m 36s· 4 players
Game mode
Random Map
Map size
Medium (4 player)
Population
200
Speed
Normal
Resources
Standard
Victory
Conquest
Starting age
Dark Age
Ending age
Imperial Age
RankedLock teamsTeams togetherTeam positionsShared explorationLock speedFull tech treeHidden civsTurbo modeCheats
Victory
Defeat
🇨🇿 Portuguese · Czechia
942
+14
🇮🇹 Koreans · Italy
914
+15
🇺🇸 Spanish · United States
918
-16
🇨🇴 Mongols · Colombia
862
-13
JackDaniels
5:19 Loom
14:01 Feudal Age
14:55 Double-Bit Axe
18:44 Wheelbarrow
18:20 Gold Mining
18:22 Stone Mining
23:44 Castle Age
21:45 Fletching
23:43 Scale Mail Armor
25:22 Bow Saw
24:57 Horse Collar
24:53 Pikeman
25:47 Forging
Stuffed_dumpling
3:13 Loom
13:00 Feudal Age
16:59 Castle Age
15:24 Horse Collar
20:06 Town Watch
26:12 Fletching
Luncheon
7:33 Loom
9:43 Feudal Age
14:07 Forging
14:43 Double-Bit Axe
17:05 Wheelbarrow
18:41 Horse Collar
18:52 Stone Mining
18:54 Gold Mining
24:12 Castle Age
25:33 Hand Cart
zamithdaniel
10:48 Feudal Age
12:34 Loom
13:34 Horse Collar
13:57 Double-Bit Axe
20:41 Castle Age
Connection lost

Rejoining the realm…

Still unreachable

The connection could not be restored.

Session expired

The server has moved on; the page needs a fresh start.